 Dungeon Crawl Stone Soup version 0.21.1-1-g345015f (webtiles) character file.

723 RipGuy the Cleaver (level 7, -5/58 HPs)
             Began as a Minotaur Berserker on Apr 13, 2018.
             Was a Priest of Trog.
             Slain by a vampire (6 damage)
             ... on level 5 of the Dungeon.
             The game lasted 00:12:17 (6707 turns).

RipGuy the Cleaver (Minotaur Berserker)             Turns: 6707, Time: 00:12:17

Health: -5/58      AC:  5    Str: 23    XL:     7   Next: 43%
Magic:  6/6        EV: 10    Int:  4    God:    Trog [***...]
Gold:   176        SH:  0    Dex: 16    Spells: 6/6 levels left

rFire    . . .     SeeInvis .   a - +0 hand axe
rCold    . . .     Gourm    .   (no shield)
rNeg     . . .     Faith    .   k - +0 ring mail
rPois    .         Spirit   .   (helmet restricted)
rElec    .         Reflect  .   (no cloak)
rCorr    .         Harm     .   (no gloves)
MR       .....                  (no boots)
Stlth    ..........             e - amulet of inaccuracy (curse)
HPRegen  0.19/turn              p - +6 ring of dexterity
MPRegen  0.10/turn              (no ring)

@: confused, lethally poisoned (-5 -> -7), heavily drained
A: retaliatory headbutt, horns 2
a: Berserk, Trog's Hand, Burn Spellbooks, Renounce Religion


You were on level 5 of the Dungeon.
You worshipped Trog.
Trog was most pleased with you.
You were very hungry.

You visited 1 branch of the dungeon, and saw 5 of its levels.

You collected 176 gold pieces.

Inventory:

Hand Weapons
 a - a +0 hand axe (weapon)
Armour
 b - a +0 animal skin
 k - a +0 ring mail (worn)
Jewellery
 e - a cursed amulet of inaccuracy (around neck)
 p - a +6 ring of dexterity (left hand)
Wands
 c - a wand of digging (15)
Scrolls
 d - 3 scrolls of identify
 f - 3 scrolls of amnesia
 g - 2 scrolls of blinking {unknown}
 i - 4 scrolls of fog {unknown}
 j - 2 scrolls of magic mapping {unknown}
 m - 3 scrolls of immolation {unknown}
 n - a scroll of noise {unknown}
 o - 4 scrolls of remove curse {unknown}
 r - 3 scrolls of teleportation {unknown}
 s - a scroll of enchant armour {unknown}
Potions
 h - 3 potions of mutation {unknown}
 l - a potion of curing {unknown}
Books
 q - a book of Changes

   Spells                             Type                      Level
   a - Beastly Appendage              Transmutation                1
   b - Sticks to Snakes               Transmutation                2
   c - Spider Form                    Transmutation/Poison         3
   d - Ice Form                       Ice/Transmutation            4
   e - Blade Hands                    Transmutation                5
   Trog disapproves of the use of such an item.
Comestibles
 t - 2 rations


   Skills:
 - Level 3.8(1.8) Fighting
 + Level 10.3(8.0) Axes
 - Level 2.4(0.5) Armour
 - Level 2.2(0.3) Dodging


You had 6 spell levels left.
You didn't know any spells.

Dungeon Overview and Level Annotations

Branches:
Dungeon (5/15)
 Temple: D:4-7

Altars:
The Shining One


Innate Abilities, Weirdness & Mutations

You reflexively headbutt those who attack you in melee.
You have a pair of horns on your head.


Message History

You feel sick.
You feel sick.
You feel sick.
You feel sick.
You feel less confused.
You feel sick. The vampire hits you!
* * * LOW HITPOINT WARNING * * *
The vampire bites you!
* * * LOW HITPOINT WARNING * * *
The vampire draws strength from your injuries!
* * * LOW HITPOINT WARNING * * *
You feel sick.
The vampire gestures at you while chanting.
You are confused.
The vampire completely misses you. x2
You're too confused to move!
* * * LOW HITPOINT WARNING * * *
You feel sick. The vampire hits you.
You die...

####################
###[.................#
.....................########
..?.........................#
....>.......................+
.....####.#..V@......#####.##
..# #.################.## ...
.........+ ##.## #######.##
#?# #.# #.# #<# #.# ###


You could see a vampire.

Vanquished Creatures
  The ghost of empire the Charmwright, an amateur GnSk (D:4)
  An orc warrior (D:3)
  2 orc priests
  A bullfrog skeleton (D:3)
  4 worker ants
  7 gnolls (D:3)
  5 adders
  7 worms
  5 dart slugs
  6 leopard geckos
  13 orcs
  4 giant cockroaches
  4 hobgoblins
  8 kobolds
  4 quokkas
  2 ball pythons
  8 bats
  6 frilled lizards
  10 goblins
  A jackal zombie (D:2)
  11 rats
110 creatures vanquished.

Notes
Turn   | Place    | Note
-------+----------+-------------------------------------------
     0 | D:1      | RipGuy the Minotaur Berserker began the quest for the Orb.
     0 | D:1      | Reached XP level 1. HP: 19/19 MP: 0/0
   277 | D:1      | Reached skill level 4 in Axes
   277 | D:1      | Reached XP level 2. HP: 5/27 MP: 1/1
  1311 | D:2      | Reached ** piety under Trog
  1311 | D:2      | Reached XP level 3. HP: 23/33 MP: 2/2
  1407 | D:2      | Reached skill level 5 in Axes
  2066 | D:2      | Reached XP level 4. HP: 27/40 MP: 3/3
  2184 | D:2      | Reached skill level 6 in Axes
  3431 | D:3      | Reached *** piety under Trog
  3431 | D:3      | Reached XP level 5. HP: 17/46 MP: 4/4
  3433 | D:3      | Reached skill level 7 in Axes
  3963 | D:3      | Found a glowing golden altar of the Shining One.
  4178 | D:3      | Reached skill level 8 in Axes
  4611 | D:3      | Reached XP level 6. HP: 52/52 MP: 5/5
  4784 | D:3      | Noticed an orc warrior
  4798 | D:3      | Killed an orc warrior
  5207 | D:4      | Reached skill level 9 in Axes
  5254 | D:4      | Noticed empire's ghost (amateur GnSk)
  5277 | D:4      | HP: 2/52 [empire's ghost (4)]
  5280 | D:4      | Killed empire's ghost
  5280 | D:4      | Reached skill level 10 in Axes
  5280 | D:4      | Reached XP level 7. HP: 3/58 MP: 6/6
  6651 | D:5      | Entered Level 5 of the Dungeon
  6691 | D:5      | Noticed a vampire
  6704 | D:5      | HP: 2/58 [vampire (8)]
  6707 | D:5      | Slain by a vampire

Skill      XL: |  1  2  3  4  5  6 |
---------------+-------------------+-----
Axes           | 4 5 6 8 10 | 10.3
Fighting       | |  3.8
Armour         | |  2.4
Dodging        | |  2.2

Action                   |  1- 3 |  4- 6 |  7- 9 || total
-------------------------+-------+-------+-------++-------
Melee: Hand axe          |    79 |   180 |    29 ||   288
       Headbutt          |    17 |    34 |     8 ||    59
Invok: Berserk           |       |     3 |       ||     3
  Use: Scroll            |       |     1 |     1 ||     2
       Potion            |       |     1 |       ||     1
  Eat: Ration            |     1 |     2 |       ||     3
       Chunk             |       |     5 |     4 ||     9
Armor: Animal skin       |    11 |       |       ||    11
       Ring mail         |     7 |    44 |     5 ||    56
Dodge: Dodged            |    64 |    98 |    15 ||   177
